 Dungeon Crawl Stone Soup version 0.28-a0-819-g6ef7baa362 (webtiles) character file.

Game seed: 10754848066334167206

197 Froggeryz the Cudgeller (level 5, -5/30 HPs)
             Began as a Gargoyle Gladiator on Nov 8, 2021.
             Slain by Pikel (8 damage)
             ... on level 4 of the Dungeon.
             The game lasted 00:03:00 (3638 turns).

Froggeryz the Cudgeller (Gargoyle Gladiator)        Turns: 3638, Time: 00:03:01

Health: -5/30      AC: 11    Str: 19    XL:     5   Next: 75%
Magic:  5/5        EV: 10    Int:  8    God:
Gold:   66         SH:  0    Dex: 11    Spells: 4/4 levels left

rFire   . . .      SeeInvis .   i - +0 mace
rCold   . . .      Faith    .   (no shield)
rNeg    + . .      Spirit   .   l - +0 scale mail
rPois   ∞          Reflect  .   c - +0 helmet
rElec   +          Harm     .   (no cloak)
rCorr   .          Rampage  .   (no gloves)
Will    .....                   (no boots)
Stlth   ..........              (no amulet)
HPRegen 0.10/turn               (no ring)
MPRegen 0.09/turn               (no ring)

@: brilliant, attractive, flying
A: sickness immunity, AC +4, negative energy resistance 1, electricity
resistance, torment resistance 1, petrification resistance
a: no special abilities


You were on level 4 of the Dungeon.
You visited 1 branch of the dungeon, and saw 4 of its levels.

You collected 66 gold pieces.

Inventory:

Hand Weapons
 a - a +0 flail
 i - a +0 mace (weapon)
Missiles
 d - 3 throwing nets
 g - 3 boomerangs (quivered)
Armour
 c - a +0 helmet (worn)
 e - a +0 buckler
 l - a +0 scale mail (worn)
Wands
 n - a wand of mindburst (6)
Scrolls
 f - 3 scrolls of teleportation
 k - a scroll of enchant armour
 o - a scroll of amnesia {unknown}


   Skills:
 - Level 2.1 Fighting
 * Level 5.2 Maces & Flails
 - Level 1.7 Throwing
 - Level 2.4 Armour
 - Level 2.4 Dodging
 * Level 2.0 Shields


You had 4 spell levels left.
You didn't know any spells.
Your spell library was empty.

Dungeon Overview and Level Annotations

Branches:
Dungeon (4/15)
 Temple: D:4-7

Altars:
Dithmenos
Hepliaklqana

Annotations:
D:4 Pikel


Innate Abilities, Weirdness & Mutations

You are immune to sickness and miasma.
Your stone body is resilient. (AC +4)
You are immune to poison.
You resist negative energy. (rN+)
You are resistant to electric shocks. (rElec)
You are resistant to unholy torment.
You are immune to petrification.


Message History

The hound barely misses you. Pikel closely misses you.
It was a potion of curing.
You feel better. The hound bites you but does no damage.
The hound closely misses you. Pikel hits you but does no damage.
You closely miss the hound.
The hound is almost dead.
The hound bites you. Pikel hits you but does no damage.
The hound closely misses you.
You thump the hound!
You kill the hound!
Pikel barely misses you.
Your Shields skill increases to level 2!
You sock the endoplasm!
You kill the endoplasm!
Pikel hits you but does no damage.
You hit Pikel but do no damage. Pikel hits you but does no damage.
You thump Pikel!
Pikel is moderately wounded.
Pikel says, "You'll rot in Tartarus!"
Pikel hits you but does no damage.
You miss Pikel.
Pikel is moderately wounded.
Pikel closely misses you.
You closely miss Pikel.
Pikel is moderately wounded.
Pikel hits you but does no damage.
You closely miss Pikel.
Pikel is moderately wounded.
Pikel hits you with a +2 whip of freezing.
Pikel freezes you. Pikel closely misses you.
You barely miss Pikel.
Pikel is moderately wounded.
Pikel hits you with a +2 whip of freezing!
* * * LOW HITPOINT WARNING * * *
Pikel freezes you.
* * * LOW HITPOINT WARNING * * *
You hit Pikel but do no damage.
Pikel is moderately wounded.
Pikel hits you with a +2 whip of freezing!
You die...

....###.....
....#......
...<......
.........
#.......< . ##..#
...#### #..##
#.....###.<.#...
#.....K@..........
########..#......#
#.....#....#
.............
..............
...............
...............
#.......>.....


You could see Pikel.

Vanquished Creatures
  A hound (D:4)
  Terence (D:2)
  7 adders
  A worm (D:3)
  2 dart slugs
  4 orcs (D:3)
  4 endoplasms
  8 goblins
  5 hobgoblins
  2 jackals (D:1)
  8 kobolds
  3 quokkas
  7 ball pythons
  6 bats
  2 frilled lizards (D:1)
  9 rats
70 creatures vanquished.

Notes
Turn   | Place    | Note
-------+----------+-------------------------------------------
     0 | D:1      | Froggeryz the Gargoyle Gladiator began the quest for the
                  | Orb.
     0 | D:1      | Reached XP level 1. HP: 12/12 MP: 1/1
    20 | D:1      | Found a faded altar of an unknown god.
   354 | D:1      | Reached XP level 2. HP: 14/17 MP: 2/2
   588 | D:1      | Reached skill level 1 in Armour
   965 | D:1      | Reached XP level 3. HP: 15/21 MP: 3/3
  1184 | D:1      | You fall into a shaft and drop 1 floor!
  1321 | D:2      | Reached skill level 4 in Maces & Flails
  1829 | D:2      | Reached XP level 4. HP: 26/26 MP: 4/4
  2332 | D:2      | Noticed Terence
  2351 | D:2      | Killed Terence
  2820 | D:3      | Reached XP level 5. HP: 29/30 MP: 5/5
  2899 | D:3      | Reached skill level 1 in Shields
  3019 | D:3      | Reached skill level 5 in Maces & Flails
  3167 | D:3      | Found a shadowy altar of Dithmenos.
  3168 | D:3      | Noticed a shadow
  3171 | D:3      | Found a hazy altar of Hepliaklqana.
  3621 | D:4      | Noticed Pikel
  3638 | D:4      | Slain by Pikel

Illustrated notes

Levels and vault maps discovered:
D:1:      dpeg_arrival_morbid_curiosity, layout_loops_ring,
          chequers_ecumenical_altar_simple
D:2:      layout_loops_ring, chequers_serial_rivers_micro_a,
          minmay_crystal_room, uniq_terence
D:3:      layout_basic, riverfiend_overflow_shadow_ancestor
D:4:      layout_rooms, uniq_sigmund, uniq_pikel, uniq_edmund

Skill      XL: |  1  2  3  4  5 |
---------------+----------------+-----
Armour         | 1 2 |  2.4
Maces & Flails | 4 5 |  5.2
Shields        | 2 |  2.0
Fighting       | |  2.1
Throwing       | |  1.7
Dodging        | |  2.4

Action                   |  1- 3 |  4- 6 || total
-------------------------+-------+-------++-------
Melee: Flail             |    11 |       ||    11
       Mace              |   112 |   145 ||   257
  Use: Scroll            |       |     5 ||     5
       Potion            |       |     5 ||     5
Armor: Leather armour    |    10 |       ||    10
       Scale mail        |    39 |    91 ||   130
Dodge: Dodged            |    76 |    97 ||   173

Table legend: (Time is in decaauts)
 A = Elapsed time spent in this place.
 B = Non-inter-level travel time spent in this place.
 C = Inter-level travel time spent in this place.
 D = Time resting spent in this place.
 E = Time spent auto-exploring this place.
 F = Levels seen in this place.
 G = Mean time per level.
                   A        B        C        D        E       F      G
               +--------+--------+--------+--------+--------+-----+--------+
         Total |   3688 |   3556 |    132 |    186 |   2777 |   4 |  922.0 |
       Dungeon |   3688 |   3556 |    132 |    186 |   2777 |   4 |  922.0 |
               +--------+--------+--------+--------+--------+-----+--------+

Top non-repeatable levels by time:
     D:2: 1423 daAuts
     D:1: 1268 daAuts
     D:3: 956 daAuts
     D:4: 39 daAuts
